 Dungeon Crawl Stone Soup version 0.23.1-37-gaa34b87b72 (webtiles) character file.

Game seed: 14102831716776191323

4534 PentaManta the Nimble (level 10, -7/68 HPs)
             Began as a Kobold Hunter on Mar 21, 2019.
             Was an Elder of Okawaru.
             Mangled by a yak (16 damage)
             ... on level 7 of the Dungeon.
             The game lasted 00:19:43 (8306 turns).

PentaManta the Nimble (Kobold Hunter)               Turns: 8306, Time: 00:19:43

Health: -7/68      AC:  5    Str: 11    XL:     10   Next: 66%
Magic:  10/10      EV: 24    Int: 13    God:    Okawaru [****..]
Gold:   525        SH:  2    Dex: 19    Spells: 9/9 levels left

rFire    . . .     SeeInvis +   a - +1 hand crossbow
rCold    . . .     Gourm    .   (shield restricted)
rNeg     . . .     Faith    .   c - +0 leather armour
rPois    .         Spirit   .   (no helmet)
rElec    .         Reflect  +   r - +1 cloak
rCorr    .         Harm     .   (no gloves)
MR       .....                  (no boots)
Stlth    ++........             q - +2 amulet of reflection
HPRegen  0.21/turn              i - ring of see invisible
MPRegen  0.12/turn              u - +2 ring of strength

@: no status effects
A: small, carnivore
a: Heroism, Renounce Religion


You were on level 7 of the Dungeon.
You worshipped Okawaru.
Okawaru was greatly pleased with you.
You were not hungry.

You visited 2 branches of the dungeon, and saw 9 of its levels.

You collected 525 gold pieces.

Inventory:

Hand Weapons
 a - a +1 hand crossbow (weapon)
 h - a +1 short sword of electrocution
Missiles
 d - 28 bolts (quivered)
 y - 2 throwing nets
Armour
 c - a +0 leather armour (worn)
 r - a +1 cloak (worn)
Jewellery
 i - a ring of see invisible (left hand)
 q - a +2 amulet of reflection (around neck)
 u - a +2 ring of strength (right hand)
Wands
 v - a wand of acid (2)
 w - a wand of random effects (24)
 C - a wand of enslavement (11)
 E - a wand of flame (24)
Scrolls
 e - 3 scrolls of enchant weapon {unknown}
 g - 5 scrolls of remove curse {unknown}
 j - a scroll of blinking {unknown}
 k - 2 scrolls of immolation
 l - 2 scrolls of amnesia {unknown}
 m - a scroll of fog {unknown}
 n - a scroll of enchant armour {unknown}
 o - 6 scrolls of identify
 x - a scroll of magic mapping {unknown}
 D - a scroll of torment {unknown}
Potions
 b - a potion of curing
 p - a potion of brilliance
 s - 2 potions of might {unknown}
 t - a potion of agility
 z - 2 potions of heal wounds
 A - a potion of lignification {unknown}
 B - a potion of invisibility {unknown}
Comestibles
 f - 15 rations


   Skills:
 * Level 10.4 Fighting
 + Level 9.4 Crossbows
 * Level 11.3 Dodging
 - Level 1.3 Stealth


You had 9 spell levels left.
You didn't know any spells.
Your spell library was empty.

Dungeon Overview and Level Annotations

Branches:
Dungeon (8/15)             Temple (1/1) D:6
   Lair: D:8-11

Altars:
Ashenzari
Cheibriados
Dithmenos
Elyvilon
Fedhas
Gozag
Hepliaklqana
Kikubaaqudgha
Makhleb
Nemelex Xobeh
Okawaru
Qazlal
Ru
Sif Muna
Trog
Uskayaw
Vehumet
Wu Jian
Xom
Yredelemnul
Zin
The Shining One

Shops:
D:5 ?

Annotations:
D:7 1 runed translucent door, chimenez's ghost, novice OpAs


Innate Abilities, Weirdness & Mutations

You are small and have problems with some larger weapons.
You are carnivorous and can eat meat at any time.


Message History

Aim: a yak (lightly wounded)
You shoot a bolt. The bolt hits the yak.
The yak is lightly wounded.
The yak misses you.
Firing (i - inventory. (/) - cycle)
d - 29 bolts (quivered)
Press: ? - help, Shift-Dir - straight line, f/p - yak
Aim: a yak (lightly wounded)
You shoot a bolt.
The bolt hits the yak but does no damage.
The yak is lightly wounded.
The yak gores you!
* * * LOW HITPOINT WARNING * * *
Chimenez's ghost flicks its blade from hand to hand, faster than the eye can follow.
The yak gores you!
* * * LOW HITPOINT WARNING * * *
Chimenez's ghost whispers, "The ORB doesn't exist."
There is an open door here.
There is an open door here.
The yak gores you!
You die...

#### #########
#§§%###.......############
#§§§#.#.......#.....#....#
#§eW#.#.......#.....#....#
##+##.'.......#.....#....#
##...'##...Y...#.....#....#
#.......####@###.....#...##
#####.......#.....#......#....#
....#.......#.....###'######..#
....#.......#.....##...#......#
....#...>...+.......<..'......#
....'..(....#..........#......#
....#.......###...##...#......#
....######+######'##...#......#
.............#....######).....###


You could see a yak.

Vanquished Creatures
  A two-headed ogre (D:8)
  Pikel (D:8)
  A wyvern (D:8)
  A yak (D:8)
  3 ice beasts
  A slave (D:8)
  A sky beast (D:7)
  4 orc warriors
  A phantom (D:5)
  4 ogres
  A centaur (D:7)
  A bullfrog (D:8)
  4 scorpions
  A wyvern skeleton (D:7)
  4 killer bees (D:7)
  6 crimson imps
  A quasit (D:6)
  2 centaur skeletons
  6 hounds
  Crazy Yiuf (D:5)
  2 jellies
  7 orc priests
  6 orc wizards
  Ijyb (D:3)
  2 iguanas
  4 worker ants
  A killer bee zombie (D:5)
  A worker ant zombie (D:5)
  11 gnolls
  5 adders
  An ooze (D:3)
  2 adder skeletons (D:8)
  2 dart slugs (D:1)
  4 worms
  6 leopard geckos
  30 orcs
  2 ball pythons
  9 giant cockroaches
  9 goblins
  9 hobgoblins
  22 jackals
  6 quokkas
  8 bats
  6 frilled lizards
  A jackal skeleton (D:8)
  A jackal zombie (D:5)
  5 kobolds
  A leopard gecko skeleton (D:7)
  5 rats
  A spectral orc (D:4)
215 creatures vanquished.

Notes
Turn   | Place    | Note
-------+----------+-------------------------------------------
     0 | D:1      | PentaManta the Kobold Hunter began the quest for the Orb.
     0 | D:1      | Reached XP level 1. HP: 12/12 MP: 1/1
    45 | D:1      | Reached XP level 2. HP: 8/18 MP: 2/2
   375 | D:1      | Reached skill level 5 in Crossbows
   387 | D:1      | Reached skill level 3 in Dodging
   454 | D:1      | Reached XP level 3. HP: 22/22 MP: 3/3
  1148 | D:2      | Reached XP level 4. HP: 26/28 MP: 4/4
  1824 | D:3      | Reached skill level 4 in Dodging
  1975 | D:3      | Reached XP level 5. HP: 30/32 MP: 5/5
  2301 | D:3      | Noticed Ijyb
  2309 | D:3      | Paralysed by Ijyb for 7 turns
  2331 | D:3      | Killed Ijyb
  2417 | D:3      | Reached skill level 5 in Dodging
  2417 | D:3      | Reached XP level 6. HP: 20/39 MP: 6/6
  3004 | D:4      | Reached skill level 5 in Fighting
  3004 | D:4      | Reached XP level 7. HP: 37/44 MP: 7/7
  3583 | D:4      | Found a basalt altar of Yredelemnul.
  3621 | D:5      | Entered Level 5 of the Dungeon
  3650 | D:5      | Reached skill level 6 in Dodging
  3700 | D:5      | Found an iron altar of Okawaru.
  3703 | D:5      | Found a snail-covered altar of Cheibriados.
  3704 | D:5      | Found a radiant altar of Vehumet.
  3708 | D:5      | Became a worshipper of Warmaster Okawaru
  3711 | D:5      | Found an ornate altar of the Wu Jian Council.
  3867 | D:5      | Reached XP level 8. HP: 28/51 MP: 8/8
  4037 | D:5      | Reached skill level 7 in Dodging
  4272 | D:5      | Found Piaczaph's Magic Scroll Shoppe.
  4313 | D:5      | Reached * piety under Okawaru
  4562 | D:5      | Found a runed translucent door.
  4563 | D:5      | Noticed Crazy Yiuf
  4667 | D:5      | Killed Crazy Yiuf
  4722 | D:6      | Found a staircase to the Ecumenical Temple.
  4733 | Temple   | Entered the Ecumenical Temple
  5384 | D:6      | Reached skill level 8 in Dodging
  5571 | D:6      | Reached XP level 9. HP: 23/57 MP: 9/9
  6066 | D:6      | Found a hazy altar of Hepliaklqana.
  6436 | D:7      | Reached ** piety under Okawaru
  6436 | D:7      | Reached skill level 9 in Dodging
  7233 | D:7      | Found a runed translucent door.
  7234 | D:7      | Noticed chimenez's ghost (novice OpAs)
  7234 | D:7      | Noticed a deep elf archer
  7300 | D:8      | Reached skill level 10 in Dodging
  7404 | D:8      | Reached XP level 10. HP: 66/66 MP: 10/10
  7698 | D:8      | Noticed a two-headed ogre
  7715 | D:8      | Killed a two-headed ogre
  7715 | D:8      | Reached *** piety under Okawaru
  7715 | D:8      | Reached skill level 10 in Fighting
  8048 | D:8      | Reached skill level 11 in Dodging
  8150 | D:8      | Noticed Pikel
  8161 | D:8      | Killed Pikel
  8266 | D:8      | Reached **** piety under Okawaru
  8306 | D:7      | Mangled by a yak

Skill      XL: |  1  2  3  4  5  6  7  8  9 10 |
---------------+-------------------------------+-----
Crossbows      | 5 6 7 8 9 |  9.4
Dodging        | 3 4 5 6 8 10 11 | 11.3
Fighting       | 3 4 5 6 7 9 10 | 10.4
Stealth        | |  1.3

Action                   |  1- 3 |  4- 6 |  7- 9 | 10-12 || total
-------------------------+-------+-------+-------+-------++-------
Melee: Short sword       |    67 |   102 |    51 |    10 ||   230
 Fire: Hand crossbow     |    17 |    72 |   343 |   121 ||   553
Throw: Throwing net      |       |       |       |     2 ||     2
Invok: Heroism           |       |       |     4 |     3 ||     7
Evoke: Wand              |       |       |     3 |       ||     3
  Use: Scroll            |       |     4 |     1 |       ||     5
       Potion            |       |     1 |     3 |     1 ||     5
 Stab: Sleeping          |     1 |     3 |       |       ||     4
       Held in net/web   |       |       |       |     1 ||     1
  Eat: Chunk             |       |     8 |    15 |       ||    23
Armor: Leather armour    |    21 |    21 |    24 |    16 ||    82
Dodge: Dodged            |    68 |   114 |   231 |   182 ||   595
Block: Other             |       |     3 |     5 |    16 ||    24
